 Dungeon Crawl Stone Soup version 0.21.1-1-g345015fe64 (webtiles) character file.

91 Loge the Chopper (level 4, -1/40 HPs)
             Began as a Minotaur Berserker on July 13, 2018.
             Was a Believer of Trog.
             Slain by a gnoll
             ... wielding a +0 halberd
              (10 damage)
             ... on level 2 of the Dungeon.
             The game lasted 00:02:07 (1120 turns).

Loge the Chopper (Minotaur Berserker)               Turns: 1120, Time: 00:02:07

Health: -1/40      AC:  2    Str: 22    XL:     4   Next: 33%
Magic:  3/3        EV: 12    Int:  4    God:    Trog [**....]
Gold:   60         SH:  0    Dex: 10    Spells: 3/3 levels left

rFire    . . .     SeeInvis .   a - +0 hand axe
rCold    . . .     Gourm    .   (no shield)
rNeg     . . .     Faith    .   b - +0 animal skin
rPois    .         Spirit   .   (helmet restricted)
rElec    .         Reflect  .   (no cloak)
rCorr    .         Harm     .   (no gloves)
MR       .....                  (no boots)
Stlth    +.........             (no amulet)
HPRegen  0.13/turn              (no ring)
MPRegen  0.08/turn              (no ring)

@: lethally poisoned (-1 -> -2), berserk cooldown, slowed, very slow
A: retaliatory headbutt, horns 2
a: Berserk, Trog's Hand, Burn Spellbooks, Renounce Religion


You were on level 2 of the Dungeon.
You worshipped Trog.
Trog was pleased with you.
You were hungry.

You visited 1 branch of the dungeon, and saw 2 of its levels.

You collected 60 gold pieces.

Inventory:

Hand Weapons
 a - a +0 hand axe (weapon)
Missiles
 d - 42 sling bullets
 h - 66 stones (quivered)
 l - 7 tomahawks
 p - 2 javelins
Armour
 b - a +0 animal skin (worn)
Scrolls
 e - 2 scrolls of amnesia {unknown}
 g - a scroll of enchant armour {unknown}
 i - 3 scrolls of remove curse {unknown}
 j - a scroll of blinking {unknown}
 k - 2 scrolls of identify {unknown}
 o - a scroll of teleportation {unknown}
Potions
 m - a potion of curing {unknown}
 n - a potion of heal wounds {unknown}
Comestibles
 c - 3 rations
 f - 9 chunks of flesh


   Skills:
 + Level 4.2 Fighting
 * Level 4.8 Axes
 + Level 3.3 Armour
 + Level 3.0 Dodging


You had 3 spell levels left.
You didn't know any spells.

Dungeon Overview and Level Annotations

Branches:
Dungeon (2/15)

Altars:


Innate Abilities, Weirdness & Mutations

You reflexively headbutt those who attack you in melee.
You have a pair of horns on your head.


Message History

You barely miss the gnoll. You barely miss the gnoll.
Your headbutt misses the gnoll. The gnoll hits you with a halberd.
You barely miss the gnoll. Your headbutt misses the gnoll.
You hit the gnoll but do no damage. The gnoll hits you with a halberd!
You barely miss the gnoll.
You feel sick. The gnoll hits you with a halberd!
You closely miss the gnoll.
You are no longer berserk.
You are exhausted.
You feel yourself slow down. The gnoll barely misses you.
You see here a club.
You feel sick. The gnoll barely misses you.
Things that are here:
a spear; an adder corpse; a gnoll corpse The gnoll hits you with a halberd!
* * * LOW HITPOINT WARNING * * *
You see here a club.
You barely miss the gnoll. The gnoll hits you with a halberd!
You die...

# #..##.# #...#.#
#.#.#.# #####
#.#.#.# #....
#.#.#.# .##....
#.#.#.# .......
..#.".#
.......########^.#
.......g@)......>#
.......###########
....... ......>
....##. .... #.
... #. ## #.


You could see a gnoll.

Vanquished Creatures
  2 gnolls (D:2)
  2 adders (D:2)
  An ooze (D:1)
  A worm (D:2)
  A dart slug (D:1)
  9 bats
  A giant cockroach (D:1)
  4 goblins
  6 hobgoblins
  3 jackals (D:1)
  4 kobolds
  2 quokkas (D:2)
  3 frilled lizards
  6 rats
45 creatures vanquished.

Notes
Turn   | Place    | Note
-------+----------+-------------------------------------------
     0 | D:1      | Loge the Minotaur Berserker began the quest for the Orb.
     0 | D:1      | Reached XP level 1. HP: 19/19 MP: 0/0
   250 | D:1      | Reached XP level 2. HP: 25/27 MP: 1/1
   552 | D:1      | Reached XP level 3. HP: 26/33 MP: 2/2
   930 | D:2      | Reached ** piety under Trog
  1096 | D:2      | Reached XP level 4. HP: 37/40 MP: 3/3
  1120 | D:2      | Slain by a gnoll

Skill      XL: |  1  2  3  4 |
---------------+-------------+-----
Axes           | 4 |  4.8
Fighting       | 4 |  4.2
Armour         | 3 |  3.3
Dodging        | 3 |  3.0

Action                   |  1- 3 |  4- 6 || total
-------------------------+-------+-------++-------
Melee: Hand axe          |    75 |    17 ||    92
       Headbutt          |    14 |     2 ||    16
Invok: Berserk           |       |     1 ||     1
 Stab: Sleeping          |     1 |       ||     1
  Eat: Chunk             |     1 |       ||     1
Armor: Animal skin       |    19 |       ||    19
Dodge: Dodged            |    64 |    15 ||    79
